 Dungeon Crawl Stone Soup version 0.29.1-1-gd02db6906a (webtiles) character file.

Game seed: 12614855506782781810

1558 gelatine the Covered (level 8, -1/70 HPs)
             Began as a Minotaur Fighter on Oct 3, 2022.
             Was an Initiate of Okawaru.
             Shot with a sling bullet by Joseph (10 damage)
             ... on level 7 of the Dungeon.
             The game lasted 00:13:56 (4886 turns).

gelatine the Covered (Minotaur Fighter)             Turns: 4886, Time: 00:13:59

Health: -1/70      AC:  7    Str: 26    XL:     8   Next: 58%
Magic:  7/7        EV: 10    Int:  5    God:    Okawaru [......]
Gold:   619        SH:  0    Dex: 10    Spells: 7/7 levels left

rFire   . . .      SeeInvis .   k - +7 trident "Waimoz" {venom, Str+3}
rCold   . . .      Faith    .   j - +0 kite shield
rNeg    . . .      Spirit   .   I - +1 ring mail {rPois}
rPois   +          Reflect  .   (helmet restricted)
rElec   .          Harm     .   (no cloak)
rCorr   .          Rampage  .   (no gloves)
Will    .....                   (no boots)
Stlth   ..........              (no amulet)
HPRegen 0.21/turn               (no ring)
MPRegen 0.10/turn               (no ring)

@: confused
A: horns 2, retaliatory headbutt
a: Renounce Religion


You were on level 7 of the Dungeon.
You worshipped Okawaru.
Okawaru was noncommittal.
You visited 2 branches of the dungeon, and saw 8 of its levels.
You also visited: Sewer and Ossuary.

You collected 619 gold pieces.

Inventory:

Hand Weapons
 a - a +1 war axe
 k - the +7 trident "Waimoz" (weapon) {venom, Str+3}
   (You found it on level 3 of the Dungeon)

   It poisons the flesh of those it strikes.
   Str:       It affects your strength (+3).
 B - a +3 antimagic hand axe
Missiles
 f - 17 poisoned darts (quivered)
 i - a throwing net
 q - 5 atropa-tipped darts
 F - 4 boomerangs
Armour
 b - a +0 scale mail
 c - a scarf of shadows
 j - a +0 kite shield (worn)
 C - a +0 plate armour
 H - a +0 chain mail
 I - a +1 ring mail of poison resistance (worn)
Wands
 z - a wand of flame (12)
 E - a wand of iceblast (5)
 G - a wand of polymorph (4)
Scrolls
 g - 4 scrolls of teleportation
 n - 4 scrolls of enchant weapon
 r - 2 scrolls of fear
 v - a scroll of blinking
 x - a scroll of amnesia
 y - a scroll of poison {unknown}
 D - a scroll of immolation {unknown}
Potions
 d - 3 potions of might
 e - a potion of berserk rage
 h - a potion of flight {unknown}
 l - a potion of curing {unknown}
 m - 4 potions of heal wounds {unknown}
 o - a potion of brilliance {unknown}
 p - 2 potions of mutation {unknown}
 s - 4 potions of cancellation {unknown}
 t - a potion of magic {unknown}
 u - 4 potions of attraction {unknown}
 w - a potion of invisibility {unknown}
 A - a potion of lignification {unknown}


   Skills:
 * Level 5.8 Fighting
 + Level 5.4(5.9) Axes
 + Level 3.3(4.9) Polearms
 * Level 3.2 Throwing
 * Level 6.9 Armour
 * Level 3.5 Dodging
 * Level 2.9 Stealth
 * Level 5.8 Shields


You had 7 spell levels left.
You didn't know any spells.
Your spell library contained the following spells:

 Spells                   Type           Power      Damage    Failure   Level
 Sandblast                Erth           0%         2d4       91%         1
 Shock                    Conj/Air       0%         1d3       91%         1
 Passwall                 Tmut/Erth      0%         N/A       97%         2
 Stone Arrow              Conj/Erth      0%         3d7       99%         3
 Swiftness                Air            0%         N/A       99%         3
 Airstrike                Air            0%         2d(0-16)  100%        4
 Eringya's Noxious Bog    Tmut/Pois      0%         N/A       100%        6
 Summon Forest            Summ/Tloc      Unusable   N/A       N/A         5
 Summon Hydra             Summ           Unusable   N/A       N/A         7

Dungeon Overview and Level Annotations

Branches:
Dungeon (7/15)             Temple (1/1) D:6           Sewer (visited)
Ossuary (visited)

Altars:
Ashenzari
Cheibriados
Elyvilon
Fedhas
Gozag
Kikubaaqudgha
Makhleb
Nemelex Xobeh
Okawaru
Ru
Trog
Wu Jian
Yredelemnul
Zin

Shops:
D:1 :

Annotations:
D:7 Joseph


Innate Abilities, Weirdness & Mutations

You have a pair of horns on your head.
You reflexively headbutt those who attack you in melee.


Message History

Things that are here:
a +0 short sword; a +0 ring mail; an orc corpse
There is a stone staircase leading down here.
s - 4 fizzy brown potions (gained 2)
You see here a +0 dagger.
Found a basalt altar of Yredelemnul.
You see here a +0 ring mail.
There is a basalt altar of Yredelemnul here.
You see here a +0 ring mail.
You see here a +0 dagger.
Things that are here:
a +0 halberd; a gnoll skeleton
Items here: ))) [ รท.
Things that are here:
a +0 whip; a gnoll skeleton Done exploring.
Done exploring.
You see here a +2 flail of draining.
There is a stone staircase leading down here.
You climb downwards.
Joseph shouts!
Found a stone staircase leading up.
There is a stone staircase leading up here.
Joseph unwields a +0 quarterstaff.
Joseph wields a +2 sling of flaming.
It bursts into flame!
Joseph shoots a sling bullet.
The sling bullet hits you! The sling bullet burns you.
Found a short sword.
Joseph shoots a sling bullet.
The sling bullet hits you!! The sling bullet burns you.
Joseph shoots a sling bullet.
The sling bullet hits you. The sling bullet burns you.
Joseph zaps a wand.
The bolt of light hits you!
You are confused.
* * * LOW HITPOINT WARNING * * *
Joseph attacks as you move away!
Joseph unwields a +2 sling of flaming.
It stops flaming.
Joseph wields a +0 quarterstaff.
Joseph hits you with a +0 quarterstaff.
* * * LOW HITPOINT WARNING * * *
Joseph unwields a +0 quarterstaff.
Joseph wields a +2 sling of flaming.
It bursts into flame!
Joseph shoots a sling bullet.
The sling bullet hits you!
You die...

# ###.#.##### #
#.)...@.@.######.#..
...................
#.#.#..........#..
.. #.......<..# .
#..........#
#..........#
#..<......##
#.........#
..........#


You could see Joseph.

Vanquished Creatures
  Menkaure (D:5)
  Edmund (D:6)
  Pargi (Sewer)
  An ogre (D:6)
  3 centaurs
  2 phantoms
  3 scorpions
  A howler monkey (D:5)
  A hound (D:6)
  2 jellies
  3 iguanas
  3 orc wizards
  8 mummies (Ossuary)
  4 gnolls
  An adder (D:2)
  2 shadow imps
  3 worms
  6 dart slugs
  22 orcs
  7 bats
  5 endoplasms
  7 giant cockroaches
  3 goblins
  8 hobgoblins
  7 jackals
  3 quokkas
  6 ball pythons
  3 frilled lizards
  3 gnoll zombies (Ossuary)
  A hobgoblin zombie (Ossuary)
  7 kobolds
  A kobold zombie (Ossuary)
  3 orc zombies (Ossuary)
  3 rats
135 creatures vanquished.

Notes
Turn   | Place    | Note
-------+----------+-------------------------------------------
     0 | D:1      | gelatine the Minotaur Fighter began the quest for the Orb.
     0 | D:1      | Reached XP level 1. HP: 19/19 MP: 0/0
   130 | D:1      | Reached XP level 2. HP: 27/27 MP: 1/1
   134 | D:1      | Found Veudgh's Book Emporium.
   229 | D:1      | Found a faded altar of an unknown god.
   555 | D:1      | Reached XP level 3. HP: 24/33 MP: 2/2
   719 | D:2      | Reached skill level 4 in Armour
  1243 | D:2      | Reached XP level 4. HP: 40/40 MP: 3/3
  1463 | D:3      | Reached skill level 1 in Dodging
  1613 | D:3      | Reached skill level 1 in Throwing
  1675 | D:3      | Found a glowing drain.
  1679 | Sewer    | Entered a sewer
  1709 | Sewer    | Noticed Pargi
  1714 | Sewer    | Killed Pargi
  1715 | Sewer    | Reached skill level 1 in Stealth
  1715 | Sewer    | Reached XP level 5. HP: 45/47 MP: 4/4
  1785 | D:3      | Identified the +7 trident "Waimoz" {venom, Str+3}
  2076 | D:4      | Found a sand-covered staircase.
  2083 | Ossuary  | Entered an ossuary
  2097 | Ossuary  | Reached XP level 6. HP: 53/53 MP: 5/5
  2102 | Ossuary  | Reached skill level 5 in Armour
  2872 | D:4      | Reached skill level 5 in Shields
  2872 | D:4      | Reached XP level 7. HP: 54/60 MP: 6/6
  3052 | D:5      | Entered Level 5 of the Dungeon
  3057 | D:5      | Reached skill level 5 in Axes
  3057 | D:5      | Reached skill level 1 in Polearms
  3249 | D:5      | Noticed Menkaure
  3252 | D:5      | Killed Menkaure
  3253 | D:5      | Reached skill level 5 in Fighting
  3545 | D:5      | Reached skill level 6 in Armour
  3652 | D:5      | Found an opulent altar of Gozag.
  3655 | D:5      | Found a burning altar of Makhleb.
  3660 | D:5      | Reached XP level 8. HP: 57/68 MP: 7/7
  4148 | D:6      | Found a glowing silver altar of Zin.
  4167 | D:6      | Noticed Edmund
  4175 | D:6      | Killed Edmund
  4218 | D:6      | Found a staircase to the Ecumenical Temple.
  4270 | Temple   | Entered the Ecumenical Temple
  4334 | Temple   | Became a worshipper of Warmaster Okawaru
  4751 | D:6      | Found a basalt altar of Yredelemnul.
  4880 | D:7      | Noticed Joseph
  4886 | D:7      | Shot with a sling bullet by Joseph

Illustrated notes

Levels and vault maps discovered:
D:1:      mrwooster_arrival_statue, layout_rooms, serial_shops,
          nicolae_shop_competitors_out_of_business,
          shapermc_ecumenical_altar_venn
D:2:      layout_basic
D:3:      layout_rooms, gup_sewer_entry_bowl
D:4:      layout_rooms, chequers_ossuary_entry_cave
D:5:      layout_rooms, nicolae_overflow_squiral, minmay_hedge_maze,
          serial_bayou_pond_e, uniq_menkaure
D:6:      layout_rooms, zin_treasury, mainiacjoe_overflow_alcove_2,
          minmay_temple_entry_statues, uniq_edmund
D:7:      layout_loops_ring, mainiacjoe_overflow_alcove_4, uniq_joseph,
          uniq_duvessa, uniq_crazy_yiuf_cottage
Temple:   eino_wide_crystal_templ

Skill      XL: |  1  2  3  4  5  6  7  8 |
---------------+-------------------------+-----
Axes           | 3 4 5 |  5.4
Fighting       | 4 5 |  5.8
Shields        | 4 5 |  5.8
Armour         | 4 5 6 |  6.9
Dodging        | 1 2 3 |  3.5
Throwing       | 1 2 3 |  3.2
Stealth        | 1 2 |  2.9
Polearms       | 1 3 |  3.3

Action                   |  1- 3 |  4- 6 |  7- 9 || total
-------------------------+-------+-------+-------++-------
Melee: War axe           |    70 |   107 |       ||   177
       Headbutt          |     9 |    17 |    12 ||    38
       Trident           |       |    18 |    63 ||    81
Throw: Dart              |       |       |     3 ||     3
  Use: Scroll            |       |     5 |     3 ||     8
Armor: Scale mail        |    17 |    59 |    17 ||    93
       Chain mail        |       |       |     4 ||     4
Dodge: Dodged            |    25 |    51 |    15 ||    91
Block: Buckler           |     8 |       |       ||     8
       Kite shield       |    26 |    44 |    22 ||    92
